 Dungeon Crawl Stone Soup version 0.22.1-57-g7394efd48c (webtiles) character file.

284274 Tali the Severer (level 19, -2/167 HPs)
             Began as a Demonspawn Berserker on Mar 10, 2019.
             Was an Elder of Trog.
             Blown up by an orb spider (32 damage)
             ... with an orb of destruction
             ... on level 4 of the Spider Nest.
             The game lasted 03:33:42 (66337 turns).

Tali the Severer (Demonspawn Berserker)            Turns: 66337, Time: 03:33:43

Health: -2/167     AC: 24    Str: 23      XL:     19   Next: 78%
Magic:  0/6        EV: 25    Int: 10 (11) God:    Trog [****..]
Gold:   695        SH:  0    Dex: 21 (22) Spells: 18/18 levels left

rFire    . . .     SeeInvis .   v - +2 broad axe "Jaycoap" {antimagic, +Rage Str+4 Stlth+}
rCold    . . .     Gourm    .   (no shield)
rNeg     . . .     Faith    .   k - +2 swamp dragon scales
rPois    +         Spirit   +   (helmet unavailable)
rElec    .         Reflect  .   D - +0 cloak {+Inv}
rCorr    .         Harm     .   m - +3 pair of gloves of Coecrame {Int+2 Dex+3}
MR       +....     Rnd*Tele +   (no boots)
Stlth    ++++......             J - amulet of guardian spirit
HPRegen  1.37/turn              Y - +5 ring of protection
MPRegen  0.10/turn              x - +3 ring of protection

@: repel missiles
A: hooves 1, horns 3, repulsion field 3, demonic guardian 3, mutation resistance
1, powered by death 2, robust 1, teleportitis 1
}: 2/15 runes: decaying, gossamer
a: Berserk, Trog's Hand, Brothers in Arms, Renounce Religion, Evoke Berserk
Rage, Evoke Invisibility


You were on level 4 of the Spider Nest.
You worshipped Trog.
Trog was greatly pleased with you.
You were not hungry.

You visited 5 branches of the dungeon, and saw 31 of its levels.
You also visited: Ice Cave and Volcano.

You collected 3266 gold pieces.
You spent 2571 gold pieces at shops.

Inventory:

Hand Weapons
 l - a +1 demon whip of freezing
 r - a +6 battleaxe of freezing
 v - the +2 broad axe "Jaycoap" (weapon) {antimagic, +Rage Str+4 Stlth+}
   (Trog gifted it to you on level 1 of the Spider Nest)

   It reduces the magical energy of the wielder, and disrupts the spells and
   magical abilities of those hit.
   Natural abilities and divine invocations are not affected.
   It affects your strength (+4).
   It lets you go berserk.
   It makes you more stealthy.
 U - a +8 arbalest of flaming
Missiles
 i - 4 silver javelins
 j - 10 steel javelins (quivered)
 w - 6 throwing nets
 C - 153 bolts
 I - 8 javelins
 X - 5 poisoned javelins
Armour
 k - +2 swamp dragon scales (worn)
 m - the +3 pair of gloves of Coecrame (worn) {Int+2 Dex+3}
   (You found it on level 1 of the Swamp)

   It affects your intelligence (+2).
   It affects your dexterity (+3).
 D - a +0 cloak of invisibility (worn)
Jewellery
 x - a +3 ring of protection (right hand)
 J - an amulet of guardian spirit (around neck)
 Y - a +5 ring of protection (left hand)
Wands
 c - a wand of random effects (48)
 o - a wand of acid (1)
 p - a wand of polymorph (58)
 q - a wand of flame (74)
 u - a wand of enslavement (8)
 F - a wand of disintegration (81)
 H - a wand of digging (83)
 N - a wand of paralysis (31)
 R - a wand of iceblast (38)
 S - a wand of scattershot (19)
Scrolls
 a - a scroll of enchant weapon
 b - 4 scrolls of teleportation
 h - 16 scrolls of remove curse
 n - a scroll of identify
 t - 6 scrolls of fog
 L - a scroll of magic mapping
Potions
 e - 2 potions of brilliance
 f - 11 potions of curing
 s - 5 potions of magic
 z - 5 potions of haste
 A - a potion of berserk rage
 B - 2 potions of might
 G - a potion of ambrosia
 M - a potion of resistance
 P - 3 potions of agility
 Q - a potion of flight
 W - 5 potions of cancellation
 Z - 3 potions of invisibility
Miscellaneous
 g - 2 boxes of beasts
Comestibles
 d - 19 rations


   Skills:
 + Level 14.1 Fighting
 * Level 20.1(20.7) Axes
 * Level 9.5(16.0) Maces & Flails
 + Level 2.7 Crossbows
 + Level 1.2 Throwing
 + Level 7.1 Armour
 + Level 11.5 Dodging
 + Level 8.4 Stealth
 + Level 3.1 Unarmed Combat
 + Level 1.6 Evocations


You had 18 spell levels left.
You didn't know any spells.
Your spell library was empty.

Dungeon Overview and Level Annotations

Branches:
Dungeon (15/15)            Temple (0/1) D:4            Lair (6/6) D:8
  Swamp (4/4) Lair:2       Spider (4/4) Lair:4        Slime (0/5) Lair:6
    Orc (2/2) D:11            Elf (0/3) Orc:2        Vaults (0/5) D:14
 Depths (0/5) D:15

Altars:
Fedhas
Sif Muna
Trog
Wu Jian
Xom
The Shining One
Beogh

Shops:
D:8 *   D:13 }**:   Orc:2 [%}%

Portals:
Pandemonium: Orc:2

Annotations:
Lair:2 stash


Innate Abilities, Weirdness & Mutations

You have a pair of large horns on your head.
You are surrounded by a strong repulsion field. (EV +4, RMsl)
A powerful demonic guardian rushes to your aid.
You regenerate health from kills.
You are robust. (+10% HP)
You have large cloven feet.
You are somewhat resistant to further mutation.
You are occasionally teleported next to monsters.


Message History

Your ogre hits the orb spider with a giant spiked club!!!
The orb spider dies!
Trog accepts your kill.
An orb of destruction comes into view.
Unknown command.
The orb of destruction hits a rock wall.
Your ogre hits the orb spider with a giant spiked club!!!
The orb of destruction hits you!
* * * LOW HITPOINT WARNING * * *
Your ogre barely misses the orb spider.
The orb spider pulsates with a strange energy.
Your ogre barely misses the orb spider.
Your ogre misses the orb spider.
The orb spider weaves a glowing orb of energy.
An orb of destruction comes into view.
Your ogre hits the orb spider with a giant spiked club!!
The orb spider dies!
Trog accepts your kill. The orb of destruction hits you!
You die...

###...^....#.....#
#.^........#.....#
#.........^##....#
##...............#
.#...............#
.##..............#
####
..#^.............#
#..≈##
.................#
#≈^..## ####
................@#
#...≈###.^.
...s...........§.#
#.≈.^#...≈
...............§.#
#..#..≈..^.
...^.........^.O<#
#.#.#≈..≈2.
s............†...#
#..###^##.#
.......s.........##
##. ###≈^≈
..................#
#


#yss^ ..................## #.ys. ..................^###########... You could see
a friendly ogre (berserk).

Vanquished Creatures
  A bone dragon (Swamp:4)
  Arachne (Spider:3)
  Roxanne (Spider:1)
  Kirke (Swamp:4)
  Agnes (Spider:2)
  A thorn hunter (Swamp:4)
  A frost giant (IceCv)
  2 ghost moths
  Louise (Spider:1)
  7 emperor scorpions
  A very ugly thing (Swamp:1)
  Nessos (Lair:4)
  5 dire elephants
  2 spark wasps
  An ogre mage (Orc:2)
  6 hydras
  3 centaur warriors
  17 alligators
  2 tengu warriors (D:15)
  6 two-headed ogres
  6 orc high priests (Orc:2)
  A sun demon (Volcano)
  A hell knight (Volcano)
  A spriggan (Swamp:3)
  An unseen horror (D:14)
  A deep troll (D:15)
  A wizard (D:14)
  3 swamp dragons
  A deep elf archer (D:15)
  3 spectral hydras (Swamp:4)
  A torturous demonspawn (Orc:2)
  A lindwurm (Lair:4)
  A deep elf mage (D:15)
  3 phantasmal warriors
  5 orc sorcerers (Orc:2)
  Pikel (D:9)
  28 wolf spiders
  3 orc knights (Orc:2)
  20 ugly things
  5 orb spiders
  An oklob plant (Swamp:4)
  A cyclops (Orc:2)
  2 moths of wrath
  A manticore (shapeshifter) (D:15)
  2 elephants (Lair:6)
  Maurice (D:8)
  Psyche (D:12)
  A molten gargoyle (Volcano)
  A smoke demon (Orc:2)
  3 black mambas
  18 spiny frogs
  A gargoyle (Volcano)
  A torpor snail (Spider:2)
  An orange demon (Orc:2)
  7 rime drakes
  2 swamp worm zombies (Swamp:4)
  3 komodo dragons
  A kobold demonologist (D:15)
  13 demonic crawlers
  A tengu conjurer (D:15)
  An efreet (D:15)
  8 trolls
  13 polar bears
  2 red devils (Volcano)
  19 jumping spiders
  8 tyrant leeches
  2 blink frogs (Lair:2)
  10 slime creatures
  8 bog bodies
  10 hornets
  4 spectral swamp dragons (Swamp:4)
  4 alligator zombies (Swamp:4)
  5 hippogriffs
  69 redbacks
  A wraith (D:13)
  3 wyverns
  5 shadows
  A ynoxinul (Orc:2)
  37 yaks
  25 tarantellas
  A fire bat (Volcano)
  2 fire elementals (D:13)
  2 hungry ghosts
  A hog (Swamp:4)
  A chaos spawn (Orc:2)
  A basilisk (Lair:6)
  Menkaure (D:7)
  18 vampire mosquitoes
  A warg (D:11)
  15 insubstantial wisps
  10 swamp worms
  10 water moccasins
  5 hell hounds
  2 acid dragons
  8 porcupines
  5 sky beasts
  A black bear (D:8)
  29 orc warriors
  5 swamp drakes
  7 phantoms
  2 swamp dragon zombies (Swamp:4)
  A necrophage (D:11)
  9 ogres
  25 wolves
  12 centaurs
  27 crocodiles
  A big kobold (D:10)
  25 bullfrogs
  2 gnoll sergeants
  A wyvern zombie (D:11)
  4 scorpions
  15 killer bees
  5 wights (D:8)
  2 electric eels
  4 howler monkeys
  5 crimson imps
  2 lava snakes (Volcano)
  A bullfrog zombie (D:5)
  3 quasits
  2 centaur zombies
  3 hounds
  29 orc priests
  5 jellies
  22 orc wizards
  Crazy Yiuf (D:3)
  4 bullfrog skeletons
  3 centaur skeletons
  Ijyb (D:3)
  Jessica (D:2)
  7 iguanas
  10 worker ants
  3 hound skeletons
  A howler monkey zombie (D:8)
  Robin (D:2)
  18 gnolls
  8 adders
  6 shadow imps
  An adder zombie (D:6)
  2 adder skeletons
  6 worms
  4 dart slugs
  10 leopard geckos
  98 orcs
  7 bats
  5 giant cockroaches
  16 goblins
  8 hobgoblins
  4 jackals
  6 kobolds
  A quokka (D:8)
  2 ball pythons
  13 frilled lizards
  A jackal zombie (D:5)
  A leopard gecko zombie (D:5)
  A quokka skeleton (D:5)
  16 rats
  A butterfly (Lair:2)
  8 fungi
  13 plants
1065 creatures vanquished.

Vanquished Creatures (collateral kills)
  Nikola (Spider:1)
  Jorgrun (Spider:1)
  A storm dragon (shapeshifter) (D:15)
  A ghost moth (Spider:3)
  A very ugly thing (Swamp:1)
  Azrael (D:13)
  A dire elephant (Lair:6)
  An entropy weaver (Spider:3)
  A minotaur (Lair:5)
  The ghost of tensugalgo the Fencer, a journeyman DsGl of Makhleb (Lair:5)
  A spark wasp (Spider:4)
  Harold (D:7)
  A ghost crab (Swamp:4)
  7 hydras
  An anaconda (Lair:6)
  A death knight (D:14)
  An alligator (Swamp:4)
  The ghost of Elizilla the Grappler, a novice TrFi of Qazlal (D:9)
  2 two-headed ogres (D:14)
  An orc high priest (Orc:2)
  A spectral hydra (Swamp:4)
  A torturous demonspawn (Orc:2)
  A wizard (D:14)
  2 swamp dragons
  A phantasmal warrior (Swamp:4)
  7 wolf spiders
  An orc knight (Orc:2)
  An orc sorcerer (Orc:2)
  9 orb spiders
  An ugly thing (D:15)
  A moth of wrath (Spider:4)
  An ice statue (IceCv)
  A spiny frog (Lair:4)
  5 elephants
  A demonic crawler (Spider:4)
  A swamp worm zombie (Swamp:4)
  2 kobold demonologists (D:14)
  A komodo dragon (Lair:1)
  An efreet (D:15)
  2 freezing wraiths (D:14)
  A tengu conjurer (D:10)
  6 jumping spiders
  A polar bear (IceCv)
  2 trolls
  A tyrant leech (Swamp:4)
  2 hornets
  2 hydra zombies (Swamp:4)
  2 blink frogs (Lair:2)
  4 slime creatures
  7 tarantellas
  2 redbacks
  6 yaks
  A spriggan (D:9)
  Grum (D:8)
  A hog (Swamp:4)
  A wraith (D:14)
  A fire elemental (D:13)
  A fire bat (Volcano)
  A basilisk (Lair:1)
  A neqoxec (Orc:2)
  4 vampire mosquitoes
  2 wargs (Orc:2)
  A swamp worm (Swamp:2)
  2 insubstantial wisps (Swamp:4)
  A water moccasin (Lair:1)
  8 orc warriors
  A slave (D:9)
  A phantom (Swamp:4)
  3 ogres
  2 wolves
  3 swamp dragon zombies (Swamp:4)
  A boggart (D:10)
  8 crocodiles
  A bullfrog (D:6)
  4 electric eels (Lair:2)
  3 lava snakes (Volcano)
  A jelly (Swamp:1)
  4 orc priests
  An orc wizard (D:12)
  A worker ant (D:4)
  A shadow imp (D:14)
  A leopard gecko (Lair:1)
  6 orcs
  A giant cockroach (D:4)
  4 kobolds (D:14)
177 creatures vanquished.

Vanquished Creatures (others)
  An orb spider (Spider:3)
  A centaur skeleton (D:15)
  2 redbacks (Spider:1)
  A porcupine (Lair:4)
  A hound zombie (D:9)
  2 adders (D:9)
  4 fungi
  34 plants
46 creatures vanquished.

Grand Total: 1288 creatures vanquished

Notes
Turn   | Place    | Note
-------+----------+-------------------------------------------
     0 | D:1      | Tali the Demonspawn Berserker began the quest for the Orb.
     0 | D:1      | Reached XP level 1. HP: 18/18 MP: 1/1
   205 | D:1      | Reached skill level 3 in Axes
   205 | D:1      | Gained mutation: You regenerate a little health from kills.
                  | [demonic ancestry]
   205 | D:1      | Reached XP level 2. HP: 21/24 MP: 2/2
   961 | D:1      | Gained mutation: You are surrounded by a mild repulsion
                  | field. (EV +2) [demonic ancestry]
   961 | D:1      | Reached XP level 3. HP: 12/29 MP: 3/3
  1671 | D:2      | Noticed Jessica
  1677 | D:2      | Killed Jessica
  1677 | D:2      | Reached ** piety under Trog
  1886 | D:2      | Reached XP level 4. HP: 26/37 MP: 4/4
  2147 | D:2      | Found a blossoming altar of Fedhas.
  2462 | D:2      | Noticed Robin
  2468 | D:2      | Killed Robin
  3024 | D:3      | Noticed Ijyb
  3050 | D:3      | Killed Ijyb
  3050 | D:3      | Reached skill level 4 in Axes
  3206 | D:3      | Found a bloodstained altar of Trog.
  3213 | D:3      | Gained mutation: You have a pair of small horns on your
                  | head. [demonic ancestry]
  3213 | D:3      | Reached XP level 5. HP: 42/42 MP: 5/5
  3215 | D:3      | Reached skill level 1 in Stealth
  3849 | D:3      | Found a runed door.
  3853 | D:3      | Noticed Crazy Yiuf
  3862 | D:3      | Killed Crazy Yiuf
  4047 | D:3      | Reached *** piety under Trog
  4060 | D:3      | Gained mutation: A weak demonic guardian rushes to your
                  | aid. [demonic ancestry]
  4060 | D:3      | Reached XP level 6. HP: 17/48 MP: 6/6
  4949 | D:4      | Found a staircase to the Ecumenical Temple.
  5172 | D:4      | Reached skill level 5 in Axes
  5222 | D:4      | Gained mutation: You have a pair of horns on your head.
                  | [demonic ancestry]
  5222 | D:4      | Reached XP level 7. HP: 24/55 MP: 7/7
  5878 | D:5      | Entered Level 5 of the Dungeon
  5986 | D:5      | Reached skill level 6 in Axes
  6098 | D:5      | Reached skill level 5 in Fighting
  6115 | D:5      | Reached **** piety under Trog
  6522 | D:5      | Gained mutation: You have a pair of large horns on your
                  | head. [demonic ancestry]
  6522 | D:5      | Reached XP level 8. HP: 60/62 MP: 8/8
  7016 | D:5      | Found an ornate altar of the Wu Jian Council.
  7168 | D:6      | Reached skill level 7 in Axes
  8730 | D:7      | Reached skill level 8 in Axes
  8886 | D:7      | Gained mutation: A demonic guardian rushes to your aid.
                  | [demonic ancestry]
  8886 | D:7      | Reached XP level 9. HP: 63/69 MP: 7/9
  8892 | D:7      | You fall through a shaft for 3 floors!
  8892 | D:10     | Entered Level 10 of the Dungeon
  8901 | D:10     | Reached skill level 5 in Dodging
  9339 | D:9      | Noticed a troll
  9347 | D:9      | Killed a troll
  9433 | D:9      | Noticed Pikel
  9444 | D:9      | Killed Pikel
  9513 | D:8      | Reached skill level 9 in Axes
  9952 | D:7      | Received a gift from Trog
 10130 | D:7      | Noticed Harold
 10142 | D:7      | Killed Harold
 10142 | D:7      | Reached XP level 10. HP: 28/79 MP: 3/10
 10508 | D:7      | Noticed Menkaure
 10513 | D:7      | Killed Menkaure
 11224 | D:8      | Reached skill level 10 in Axes
 11244 | D:8      | Found Acucu's Assorted Antiques.
 11275 | D:8      | Bought a scroll labeled KUADEUCWENAY for 28 gold pieces
 11275 | D:8      | Bought a scroll labeled KANAIKH AZIANG for 28 gold pieces
 11275 | D:8      | Bought a scroll of identify for 56 gold pieces
 11318 | D:8      | Noticed Grum
 11329 | D:8      | Killed Grum
 11664 | D:8      | Found a staircase to the Lair.
 11723 | D:8      | Noticed Maurice
 11732 | D:8      | Killed Maurice
 11773 | D:8      | Reached ***** piety under Trog
 12234 | D:8      | Found a glowing golden altar of the Shining One.
 12625 | D:9      | Found a runed gate.
 12625 | D:9      | Found a runed gate.
 12625 | D:9      | Found a runed gate.
 12627 | D:9      | Noticed Elizilla's ghost (novice TrFi)
 12637 | D:9      | Killed Elizilla's ghost
 12637 | D:9      | Reached skill level 11 in Axes
 12719 | D:9      | Got a translucent ring mail
 12876 | D:9      | Identified the +4 ring mail of Lucidity {Dex+2} (You found
                  | it on level 9 of the Dungeon)
 13323 | D:10     | Reached skill level 5 in Stealth
 13388 | D:10     | Noticed a white ugly thing
 13399 | D:10     | Killed a white ugly thing
 13718 | Lair:1   | Entered Level 1 of the Lair of Beasts
 13726 | Lair:1   | Gained mutation: You are surrounded by a moderate repulsion
                  | field. (EV +3) [demonic ancestry]
 13726 | Lair:1   | Reached XP level 11. HP: 69/86 MP: 8/11
 13813 | Lair:1   | Found a dark tunnel.
 13826 | Volcano  | Entered a volcano
 14134 | Volcano  | Received a gift from Trog
 14587 | Volcano  | Found a bloodstained altar of Trog.
 14587 | Volcano  | Noticed a sun demon
 14587 | Volcano  | Noticed a red ugly thing
 14601 | Volcano  | Killed a red ugly thing
 14601 | Volcano  | Reached skill level 12 in Axes
 14608 | Volcano  | Killed a sun demon
 14654 | Volcano  | Noticed a hell knight
 14667 | Volcano  | Killed a hell knight
 15655 | Lair:1   | Noticed a four-headed hydra
 15668 | Lair:1   | Killed a four-headed hydra
 15680 | Lair:1   | Reached skill level 13 in Axes
 16639 | Lair:2   | Gained mutation: You regenerate health from kills. [demonic
                  | ancestry]
 16639 | Lair:2   | Reached XP level 12. HP: 51/94 MP: 12/12
 17276 | Lair:2   | Found a staircase to the Swamp.
 19256 | Lair:3   | Reached skill level 14 in Axes
 20381 | Lair:4   | Noticed Nessos
 20407 | Lair:4   | Killed Nessos
 20455 | Lair:4   | Paralysed by fainting for 10 turns
 22220 | Lair:4   | Found a hole to the Spider Nest.
 22864 | Lair:4   | Noticed a six-headed hydra
 22865 | Lair:4   | Paralysed by a hornet for 2 turns
 22868 | Lair:4   | Paralysed by a hornet for 1 turns
 22882 | Lair:4   | Paralysed by a hornet for 2 turns
 22884 | Lair:4   | HP: 3/95 [hornet (3)]
 22887 | Lair:4   | Killed a six-headed hydra
 22888 | Lair:4   | Reached skill level 15 in Axes
 23203 | Lair:4   | Noticed an eight-headed hydra
 23212 | Lair:4   | Killed a ten-headed hydra
 23669 | Lair:5   | Gained mutation: You are occasionally teleported next to
                  | monsters. [potion of mutation]
 23669 | Lair:5   | Gained mutation: You are clumsy. (Dex -2) [potion of
                  | mutation]
 23669 | Lair:5   | Gained mutation: Your magical capacity is low. (-10% MP)
                  | [potion of mutation]
 23669 | Lair:5   | Gained mutation: Your muscles are strong. (Str +2) [potion
                  | of mutation]
 23670 | Lair:5   | Lost mutation: You are clumsy. (Dex -2) [potion of
                  | mutation]
 23670 | Lair:5   | Lost mutation: Your magical capacity is low. (-10% MP)
                  | [potion of mutation]
 23670 | Lair:5   | Gained mutation: You are covered in fur. (AC +1) [potion of
                  | mutation]
 23670 | Lair:5   | Gained mutation: You evolve. [potion of mutation]
 23958 | Lair:5   | Noticed a minotaur
 23959 | Lair:5   | Noticed tensugalgo's ghost (journeyman DsGl)
 23970 | Lair:5   | Found a runed gate.
 23970 | Lair:5   | Found a runed gate.
 23970 | Lair:5   | Found a runed gate.
 23982 | Lair:5   | Got a bloodstained leather armour
 23993 | Lair:5   | Identified the +6 leather armour of Kaeh {-Cast MR+ Int+5}
                  | (You found it on level 5 of the Lair of Beasts)
 24008 | Lair:5   | Killed tensugalgo's ghost
 24022 | Lair:5   | Killed a minotaur
 24022 | Lair:5   | Reached XP level 13. HP: 68/101 MP: 7/13
 24162 | Lair:5   | Gained mutation: Armour fits poorly on your strangely
                  | shaped body. [evolution]
 24245 | Lair:5   | Identified a scroll of acquirement
 25147 | Lair:6   | Entered Level 6 of the Lair of Beasts
 25571 | Lair:6   | Found a staircase to the Slime Pits.
 28039 | Lair:6   | Noticed a dire elephant
 28047 | Lair:6   | Killed a dire elephant
 28114 | Lair:6   | Noticed a dire elephant
 28529 | Lair:6   | Noticed a dire elephant
 28542 | Lair:5   | Killed a dire elephant
 28705 | Lair:6   | Killed a dire elephant
 28752 | Lair:6   | Noticed a dire elephant
 28758 | Lair:6   | Killed a dire elephant
 29046 | Lair:6   | Noticed a dire elephant
 29046 | Lair:6   | Noticed a dire elephant
 29052 | Lair:6   | Killed a dire elephant
 29052 | Lair:6   | Reached skill level 16 in Axes
 29054 | Lair:6   | Killed a dire elephant
 30386 | D:11     | Received a gift from Trog
 30487 | D:11     | Found a staircase to the Orcish Mines.
 30775 | D:11     | Found a roughly hewn altar of Beogh.
 31095 | D:11     | Lost mutation: You are covered in fur. (AC +1) [evolution]
 31374 | D:11     | Reached skill level 10 in Fighting
 31570 | D:12     | Noticed Psyche
 31580 | D:12     | Killed Psyche
 32581 | Orc:1    | Entered Level 1 of the Orcish Mines
 32839 | Orc:1    | Found a shimmering altar of Xom.
 33464 | Orc:2    | Entered Level 2 of the Orcish Mines
 33464 | Orc:2    | Found a staircase to the Elven Halls.
 33561 | Orc:1    | Reached XP level 14. HP: 96/110 MP: 11/14
 34286 | Orc:2    | Received a gift from Trog
 34505 | Orc:2    | Reached skill level 17 in Axes
 35082 | Orc:2    | Found Yzetom's Food Shoppe.
 35107 | Orc:2    | Found Ajaiz's Food Emporium.
 35578 | Orc:2    | Gained mutation: You have sharp toenails. [evolution]
 35645 | Orc:2    | Received a gift from Trog
 35650 | Orc:2    | Paralysed by an orc sorcerer for 6 turns
 36805 | Orc:2    | Found Heuckeic's Antique Armour Boutique.
 36805 | Orc:2    | Found Plog's Gadget Shop.
 36805 | Orc:2    | Found a one-way gate leading to the halls of Pandemonium.
 36823 | Orc:2    | Reached skill level 1 in Maces & Flails
 36856 | Orc:2    | Bought a bloodstained robe for 199 gold pieces
 36856 | Orc:2    | Bought a faintly humming robe for 199 gold pieces
 36875 | Orc:2    | Identified the +4 robe of Duty {+Fly} (You bought it in a
                  | shop on level 2 of the Orcish Mines)
 36885 | Orc:2    | Identified the cursed +0 robe of Classification {rF+} (You
                  | bought it in a shop on level 2 of the Orcish Mines)
 39576 | D:13     | Reached skill level 1 in Evocations
 39630 | D:13     | Found a frozen archway.
 39644 | IceCv    | Entered an ice cave
 40894 | IceCv    | Noticed a frost giant
 40925 | IceCv    | Killed a frost giant
 40939 | IceCv    | Reached skill level 5 in Maces & Flails
 40975 | IceCv    | Got an ancient platinum ring
 40985 | IceCv    | Identified the ring "Mucuff" {rF+ rC+ Str+6} (You found it
                  | in an ice cave)
 41584 | D:13     | Received a gift from Trog
 42193 | D:13     | Found Koluosuq's Assorted Antiques.
 42224 | D:13     | Bought a potion of curing for 60 gold pieces
 42224 | D:13     | Bought a fizzy pink potion for 18 gold pieces
 42224 | D:13     | Bought a scroll of identify for 40 gold pieces
 42224 | D:13     | Bought a scroll of fear for 70 gold pieces
 42224 | D:13     | Bought a potion of flight for 60 gold pieces
 42224 | D:13     | Bought a potion of invisibility for 160 gold pieces
 42836 | D:13     | Found Buxo's Book Emporium.
 43743 | D:13     | Found Bumyetott's Assorted Antiques.
 43856 | D:13     | Found Esead's Gadget Boutique.
 43911 | D:13     | Bought 2 scrolls of enchant armour for 405 gold pieces
 43911 | D:13     | Bought a brightly glowing robe for 153 gold pieces
 43923 | D:13     | Identified the +1 robe of Impressiveness {rElec rCorr Str+4
                  | Slay+3} (You bought it in a shop on level 13 of the
                  | Dungeon)
 43925 | D:13     | Bought a potion of invisibility for 216 gold pieces
 43925 | D:13     | Bought a potion of cancellation for 216 gold pieces
 44055 | D:13     | Bought a wand of polymorph (15) for 289 gold pieces
 44055 | D:13     | Bought a wand of flame (10) for 102 gold pieces
 44055 | D:13     | Bought a wand of paralysis (14) for 272 gold pieces
 44122 | D:13     | Noticed Azrael
 44259 | D:13     | Killed Azrael
 44652 | D:14     | Found a deep blue altar of Sif Muna.
 44697 | D:14     | Reached XP level 15. HP: 112/118 MP: 15/15
 44914 | D:14     | Found a gate to the Vaults.
 45333 | D:14     | Lost mutation: Your muscles are strong. (Str +2) [potion of
                  | mutation]
 45333 | D:14     | Lost mutation: You evolve. [potion of mutation]
 45333 | D:14     | Gained mutation: You are somewhat resistant to further
                  | mutation. [potion of mutation]
 45333 | D:14     | Gained mutation: You can translocate small distances at
                  | will. [potion of mutation]
 45333 | D:14     | Gained mutation: Your muscles are strong. (Str +2) [potion
                  | of mutation]
 46305 | D:15     | Entered Level 15 of the Dungeon
 46312 | D:15     | Reached skill level 10 in Dodging
 46506 | D:15     | Found a staircase to the Depths.
 46852 | D:15     | Reached skill level 18 in Axes
 47304 | D:15     | Noticed a storm dragon
 47309 | D:15     | Killed a storm dragon
 47900 | Swamp:1  | Entered Level 1 of the Swamp
 47915 | Swamp:1  | Reached skill level 1 in Throwing
 47928 | Swamp:1  | Received a gift from Trog
 48241 | Swamp:1  | Identified the +3 pair of gloves of Coecrame {Int+2 Dex+3}
                  | (You found it on level 1 of the Swamp)
 51333 | Swamp:3  | Gained mutation: You are surrounded by a strong repulsion
                  | field. (EV +4, RMsl) [demonic ancestry]
 51333 | Swamp:3  | Reached XP level 16. HP: 111/127 MP: 12/16
 53541 | Swamp:4  | Entered Level 4 of the Swamp
 54434 | Swamp:4  | Noticed a thorn hunter
 54454 | Swamp:4  | Killed a thorn hunter
 55077 | Swamp:4  | Reached skill level 5 in Armour
 55175 | Swamp:4  | Noticed Kirke
 55184 | Swamp:4  | Killed Kirke
 55184 | Swamp:4  | Received a gift from Trog
 55324 | Swamp:4  | Reached skill level 19 in Axes
 55325 | Swamp:4  | Noticed a bone dragon
 55346 | Swamp:4  | Killed a bone dragon
 55474 | Swamp:4  | Got a decaying rune of Zot
 56599 | Spider:1 | Entered Level 1 of the Spider Nest
 56860 | Spider:1 | Noticed Jorgrun
 56885 | Spider:1 | Killed Jorgrun
 56900 | Spider:1 | Lost mutation: Armour fits poorly on your strangely shaped
                  | body. [potion of mutation]
 56900 | Spider:1 | Lost mutation: Your muscles are strong. (Str +2) [potion of
                  | mutation]
 56900 | Spider:1 | Lost mutation: You have sharp toenails. [potion of
                  | mutation]
 56900 | Spider:1 | Lost mutation: You can translocate small distances at will.
                  | [potion of mutation]
 56900 | Spider:1 | Gained mutation: You have large cloven feet. [potion of
                  | mutation]
 56969 | Spider:1 | Noticed Louise
 56985 | Spider:1 | Killed Louise
 57042 | Spider:1 | Noticed Roxanne
 57098 | Spider:1 | Killed Roxanne
 57459 | Spider:1 | Received a gift from Trog
 57468 | Spider:1 | Got a pitted broad axe {god gift}
 57470 | Spider:1 | Identified the +2 broad axe "Jaycoap" {antimagic, +Rage
                  | Str+4 Stlth+} (Trog gifted it to you on level 1 of the
                  | Spider Nest)
 57514 | Spider:1 | Noticed Nikola
 57527 | Spider:1 | Killed Nikola
 58796 | Spider:2 | Reached XP level 17. HP: 85/135 MP: 3/18
 59232 | Spider:2 | Noticed Agnes
 59242 | Spider:2 | Killed Agnes
 60540 | Spider:3 | Found the +10 zealot's sword {holy, *Rage rN+ EV+3}
 61523 | Spider:3 | Received a gift from Trog
 62060 | Spider:3 | Noticed Arachne
 62071 | Spider:3 | Killed Arachne
 63362 | Lair:2   | Reached skill level 1 in Crossbows
 63362 | Lair:2   | Gained mutation: You are robust. (+10% HP) [demonic
                  | ancestry]
 63362 | Lair:2   | Reached XP level 18. HP: 137/157 MP: 6/19
 63418 | Lair:2   | Gained mutation: A powerful demonic guardian rushes to your
                  | aid. [demonic ancestry]
 63418 | Lair:2   | Reached XP level 19. HP: 166/166 MP: 6/20
 63833 | Spider:4 | Entered Level 4 of the Spider Nest
 64377 | Spider:4 | Reached skill level 20 in Axes
 64403 | Spider:4 | Got a gossamer rune of Zot
 66337 | Spider:4 | Blown up by an orb spider

Skill      XL: |  1  2  3  4  5  6  7  8  9 10 11 12 13 14 15 16 17 18 19 |
---------------+----------------------------------------------------------+-----
Axes           | 3 4 5 6 8 9 11 13 15 16 17 18 19 20 | 20.1
Dodging        | 2 3 4 6 7 8 9 10 11 | 11.5
Fighting       | 4 5 6 7 8 9 10 11 12 13 14 | 14.1
Stealth        | 1 2 3 4 5 6 7 8 |  8.4
Armour         | 2 3 4 5 6 7 |  7.1
Maces & Flails | 5 7 8 9 |  9.5
Evocations     | 1 |  1.6
Throwing       | 1 |  1.2
Crossbows      | 1 2 |  2.7
Unarmed Combat | 2 3 |  3.1

Action                   |  1- 3 |  4- 6 |  7- 9 | 10-12 | 13-15 | 16-18 | 19-21 || total
-------------------------+-------+-------+-------+-------+-------+-------+-------++-------
Melee: Hand axe          |    89 |   226 |   342 |       |   183 |       |       ||   840
       Headbutt          |       |    19 |    75 |   104 |   294 |   185 |    57 ||   734
       Battleaxe         |       |       |    44 |   491 |   731 |   387 |       ||  1653
       Great mace        |       |       |       |     4 |   180 |       |       ||   184
       Kick              |       |       |       |       |   236 |   282 |    92 ||   610
       Demon whip        |       |       |       |       |    49 |       |       ||    49
       Broad axe         |       |       |       |       |       |   248 |   217 ||   465
       Punch             |       |       |       |       |       |       |     7 ||     7
Throw: Javelin           |       |       |       |       |    16 |       |       ||    16
Invok: Berserk           |     1 |     7 |     4 |     9 |    13 |     5 |     3 ||    42
       Brothers in Arms  |       |       |       |    10 |    15 |     6 |     4 ||    35
       Trog's Hand       |       |       |       |     1 |     1 |       |     3 ||     5
Evoke: Wand              |       |       |       |     3 |    16 |    15 |     1 ||    35
  Use: Scroll            |       |     5 |     8 |    26 |    19 |    15 |     3 ||    76
       Potion            |       |       |     3 |    11 |    12 |     8 |    13 ||    47
 Stab: Sleeping          |     1 |     1 |     6 |    12 |    12 |     4 |       ||    36
       Distracted        |       |     1 |     1 |     4 |     9 |    10 |     3 ||    28
       Paralysed         |       |       |       |     2 |       |     2 |       ||     4
  Eat: Chunk             |     1 |    11 |    20 |    38 |    54 |    22 |    10 ||   156
       Ration            |     1 |     1 |     1 |     5 |    15 |     7 |     2 ||    32
Armor: Animal skin       |    17 |       |       |       |       |       |       ||    17
       Robe              |    15 |    48 |    87 |   108 |    79 |       |       ||   337
       Skin              |       |    11 |       |       |       |       |    47 ||    58
       Fire dragon scale |       |       |       |     4 |       |       |       ||     4
       Leather armour    |       |       |       |     4 |   150 |       |       ||   154
       Swamp dragon scal |       |       |       |       |    24 |   324 |   184 ||   532
Dodge: Dodged            |    76 |   182 |   285 |   550 |  1372 |  1105 |   525 ||  4095
       Deflected         |       |       |       |       |       |     6 |     1 ||     7
